 Dungeon Crawl Stone Soup version 0.27.0-1-g7a089689b8 (webtiles) character file.

Game seed: 15315592579653510186

62 SnakkuSnakku7 the Grave Robber (level 3, -2/27 HPs)
             Began as a Mummy Warper on Aug 12, 2021.
             Slain by a goblin (3 damage)
             ... on level 2 of the Dungeon.
             The game lasted 00:02:23 (2058 turns).

SnakkuSnakku7 the Grave Robber (Mummy Warper)       Turns: 2058, Time: 00:02:24

Health: -2/27      AC:  3    Str: 15    XL:     3   Next: 85%
Magic:  7/7        EV: 11    Int: 12    God:
Gold:   78         SH:  0    Dex: 11    Spells: 7/7 levels left

rFire    x . .     SeeInvis .   a - +0 whip (pain)
rCold    + . .     Faith    .   (no shield)
rNeg     + + +     Spirit   .   k - +0 leather armour
rPois    ∞         Reflect  .   (no helmet)
rElec    .         Harm     .   (no cloak)
rCorr    .         Rampage  .   (no gloves)
Will     .....                  (no boots)
Stlth    +.........             (no amulet)
HPRegen  0.09/turn              (no ring)
MPRegen  0.10/turn              (no ring)

@: no status effects
A: cold resistance 1, negative energy resistance 3, torment resistance 2, heat
vulnerability 1, no potions
a: no special abilities


You were on level 2 of the Dungeon.
You visited 1 branch of the dungeon, and saw 3 of its levels.

You collected 78 gold pieces.

Inventory:

Hand Weapons
 a - a +0 whip of pain (weapon)
 b - a +2 dagger of venom
 e - a +0 mace
 h - a +0 flail
Missiles
 d - 5 boomerangs of dispersal (quivered)
Armour
 j - a +0 kite shield
 k - a +0 leather armour (worn)
 m - a +2 tower shield
Jewellery
 l - a +4 ring of evasion
Scrolls
 c - a scroll of blinking
 f - a scroll of identify {unknown}
 g - a scroll of fear {unknown}
 i - a scroll of torment {unknown}


   Skills:
 - Level 2.0 Fighting
 - Level 2.2 Maces & Flails
 - Level 0.7 Throwing
 - Level 0.7 Armour
 - Level 1.5 Dodging
 - Level 2.6 Spellcasting
 + Level 2.9 Necromancy
 - Level 2.4 Translocations


You had 7 spell levels left.
You didn't know any spells.
Your spell library contained the following spells:

 Spells                   Type           Power      Damage    Failure   Level
 Blink                    Tloc           N/A        N/A       17%         2
 Gell's Gravitas          Tloc           3%         N/A       34%         3
 Lesser Beckoning         Tloc           3%         N/A       34%         3
 Teleport Other           Tloc           7%         N/A       34%         3
 Manifold Assault         Tloc           7%         N/A       97%         5


Dungeon Overview and Level Annotations

Branches:
Dungeon (3/15)

Altars:


Innate Abilities, Weirdness & Mutations

You are immune to poison.
Your flesh is cold resistant. (rC+)
You are immune to negative energy. (rN+++)
You are immune to unholy pain and torment.
You are vulnerable to heat. (rF-)
You do not drink.


Message History

The ufetubus hits you but does no damage.
The ufetubus hits you.
You barely miss the ufetubus.
The ufetubus is moderately wounded.
The ufetubus barely misses you. x3; The ufetubus closely misses you.
You hit the ufetubus.
The ufetubus is heavily wounded.
The ufetubus hits you but does no damage.
The ufetubus hits you.
You closely miss the ufetubus.
The ufetubus is heavily wounded.
The ufetubus barely misses you.
The ufetubus hits you but does no damage.
The ufetubus barely misses you. The ufetubus hits you.
Your +2 dagger of venom begins to drip with poison!
b - a +2 dagger of venom (weapon)
You miss the ufetubus.
The ufetubus is heavily wounded.
The ufetubus hits you.
* * * LOW HITPOINT WARNING * * *
The ufetubus closely misses you. x2
The ufetubus hits you but does no damage.
You barely miss the ufetubus.
The ufetubus is heavily wounded.
The ufetubus misses you. The ufetubus completely misses you.
You hit the ufetubus.
You kill the ufetubus!
Unknown command.
There is a stone staircase leading up here.
The goblin hits you with a +0 club.
* * * LOW HITPOINT WARNING * * *
You climb upwards.
There is a stone staircase leading down here.
Your +2 dagger of venom stops dripping with poison.
Pain shudders through your bandage-wrapped arm!
a - a +0 whip of pain (weapon)
You barely miss the goblin. The goblin hits you with a +0 club.
* * * LOW HITPOINT WARNING * * *
You closely miss the goblin. The goblin hits you with a +0 club.
You die...

## #......# .# ##..##.# .#
#..##.# .# ##.##.# ## #..#.#
##.#.# ###########...#
#.............##########
#.#########.@......(...#
#.#.#######g#.########.#
#.#..................#.#
#.#.#######.#.######.#.#
#.#.# #<#.#.# #.#.# #.#.#
#.#.#.# #†#.#
#.#.#####.#.#.######.#.#
#.#.......#.#........#.#
#####.#########.##########.#


You could see a goblin.

Vanquished Creatures
  An ufetubus (D:3)
  2 worms (D:2)
  A dart slug (D:1)
  4 endoplasms
  A giant cockroach (D:1)
  5 goblins
  2 hobgoblins
  5 jackals (D:1)
  4 kobolds
  A quokka (D:1)
  8 ball pythons
  5 bats
  3 frilled lizards
  A rat (D:2)
43 creatures vanquished.

Notes
Turn   | Place    | Note
-------+----------+-------------------------------------------
     0 | D:1      | SnakkuSnakku7 the Mummy Warper began the quest for the Orb.
     0 | D:1      | Reached XP level 1. HP: 16/16 MP: 4/4
   104 | D:1      | Reached XP level 2. HP: 21/22 MP: 5/5
   216 | D:1      | Reached skill level 1 in Necromancy
   587 | D:1      | Reached XP level 3. HP: 20/27 MP: 7/7
  2057 | D:2      | HP: 1/27 [goblin (3)]
  2058 | D:2      | Slain by a goblin

Illustrated notes

Levels and vault maps discovered:
D:1:      shiori_arrival_whats_in_store_for_you, layout_rooms,
          minmay_split_cup_small
D:2:      layout_basic
D:3:      layout_loops_ring, chei_slow_surprise

Skill      XL: |  1  2  3 |
---------------+----------+-----
Maces & Flails | 2 |  2.2
Necromancy     | 1 2 |  2.9
Fighting       | |  2.0
Throwing       | |  0.7
Armour         | |  0.7
Dodging        | |  1.5
Spellcasting   | |  2.6
Translocations | |  2.4

Action                   || total
-------------------------++-------
Melee: Mace              ||    15
       Whip              ||   151
       Dagger            ||     7
Armor: Leather armour    ||    49
Dodge: Dodged            ||   107
